 Dungeon Crawl Stone Soup version 0.31-a0-236-g9a0961fb85 (webtiles) character file.

Game seed: 11375052466574202436

555 qw the Shooter (level 7, -5/43 HPs)
             Began as a Gargoyle Hexslinger on July 9, 2023.
             Was an Initiate of Okawaru.
             Slain by an ice beast (12 damage)
             ... on level 5 of the Dungeon.
             The game lasted 00:01:40 (3232 turns).

qw the Shooter (Gargoyle Hexslinger)                Turns: 3232, Time: 00:01:41

Health: -5/43      AC: 15    Str: 11 (12) XL:     7   Next: 30%
Magic:  8/8        EV: 10    Int: 11 (13) God:    Okawaru [......]
Gold:   259        SH:  0    Dex: 12 (14) Spells: 7/8 levels left

rFire   . . .        Y - +1 sling
rCold   . . .        (no shield)
rNeg    + . .        b - +0 ring mail
rPois   inf          e - +0 helmet
rElec   +            k - +0 cloak
rCorr   .            j - +1 pair of gloves
SInv    .            c - +0 pair of boots
Will    .....        d - amulet of the acrobat
Stlth   +            (no ring)
HPRegen 0.27/turn    (no ring)
MPRegen 0.11/turn

%: acrobat
@: no status effects
A: sickness immunity, AC +4, negative energy resistance 1, electricity
resistance, torment resistance 1, petrification resistance
a: Renounce Religion


You were on level 5 of the Dungeon.
You worshipped Okawaru.
Okawaru was noncommittal.
You visited 2 branches of the dungeon, and saw 6 of its levels.

You collected 259 gold pieces.


Innate Abilities, Weirdness & Mutations

You are immune to sickness and miasma.
Your stone body is resilient. (AC +4)
You are immune to poison.
You resist negative energy. (rN+)
You are resistant to electric shocks. (rElec)
You are resistant to unholy torment.
You are immune to petrification.


   Skills:
 - Level 4.1 Fighting
 + Level 6.4 Ranged Weapons
 - Level 2.0 Armour
 - Level 1.5 Dodging
 - Level 1.0 Spellcasting
 - Level 2.6 Hexes


You had 7 spell levels left.
You knew the following spells:

 Your Spells              Type           Power      Damage    Failure   Level
a - Slow                  Hex            24%        N/A       26%         1

Your spell library contained the following spells:

 Spells                   Type           Power      Damage    Failure   Level
 Inner Flame              Hex/Fire       3%         N/A       78%         3
 Portal Projectile        Hex/Tloc       6%         N/A       78%         3
 Cause Fear               Hex            3%         N/A       94%         4

Inventory:

Hand Weapons
 Y - a +1 sling (weapon)
Armour
 b - a +0 ring mail (worn)
 c - a +0 pair of boots (worn)
 e - a +0 helmet (worn)
 j - a +1 pair of gloves (worn)
 k - a +0 cloak (worn)
Jewellery
 d - an amulet of the acrobat (around neck)
 f - an amulet of regeneration
Scrolls
 a - 2 scrolls of identify
Potions
 g - a potion of brilliance {unknown}
 h - a potion of lignification {unknown}
 i - 4 potions of might
 l - 2 potions of enlightenment
 m - 2 potions of attraction {unknown}

Dungeon Overview and Level Annotations

Branches:
Dungeon (5/15)             Temple (1/1) D:4

Altars:
Ashenzari
Cheibriados
Dithmenos
Elyvilon
Fedhas
Gozag
Hepliaklqana
Kikubaaqudgha
Makhleb
Nemelex Xobeh
Okawaru
Qazlal
Ru
Trog
Uskayaw
Vehumet
Yredelemnul
The Shining One

Shops:
D:1 [


Message History

You shoot a sling bullet.
The sling bullet barely misses the ice beast.
The ice beast hits you but does no damage. x2
You shoot a sling bullet.
The sling bullet closely misses the ice beast.
The ice beast hits you but does no damage.
You shoot a sling bullet.
The sling bullet hits the ice beast but does no damage.
The ice beast is moderately wounded.
The ice beast hits you but does no damage.
You shoot a sling bullet. The sling bullet hits the ice beast.
The ice beast is heavily wounded.
The ice beast hits you. The ice beast freezes you!
You shoot a sling bullet.
The sling bullet hits the ice beast but does no damage.
The ice beast is heavily wounded.
The ice beast hits you. The ice beast freezes you!
The ice beast closely misses you.
You shoot a sling bullet.
The sling bullet hits the ice beast but does no damage.
The ice beast is heavily wounded.
The ice beast hits you but does no damage.
You shoot a sling bullet.
The sling bullet closely misses the ice beast.
The ice beast barely misses you.
You shoot a sling bullet.
The sling bullet hits the ice beast but does no damage.
The ice beast is heavily wounded.
The ice beast hits you but does no damage.
You shoot a sling bullet.
The sling bullet barely misses the ice beast.
The ice beast barely misses you.
You shoot a sling bullet.
The sling bullet barely misses the ice beast.
The ice beast hits you but does no damage. x2
You shoot a sling bullet.
The sling bullet hits the ice beast but does no damage.
The ice beast is heavily wounded.
The ice beast hits you. The ice beast freezes you!
You die...

#.# #.# #.# #.#
###.###.# #.#
#.###
>.......###.#
#.... ##
#.......<...#
#....
#..##.#.#########
#....
......#.######
#.... #.........#
#.#.#
#...##.####.#
#.#.. #. #@# #.#
#.#.. #Y# #.#
#.#.. #.#
#.#######.... ..#
#............ ..!
##########...
###. #.## . #.#
.# #.## #...


You could see an ice beast.

Vanquished Creatures
  A phantom (D:4)
  A scorpion (D:5)
  2 orc priests
  A jelly (D:5)
  3 hounds (D:4)
  2 iguanas (D:4)
  A gnoll (D:1)
  8 adders
  A shadow imp (D:5)
  A worm (D:2)
  A dart slug (D:1)
  9 orcs
  8 bats
  12 endoplasms
  6 giant cockroaches
  8 goblins
  6 hobgoblins
  3 jackals (D:1)
  5 kobolds
  3 quokkas
  5 ball pythons
  5 frilled lizards
  4 rats
96 creatures vanquished.

Notes
Turn   | Place    | Note
-------+----------+-------------------------------------------
     0 | D:1      | qw the Gargoyle Hexslinger began the quest for the Orb.
     0 | D:1      | Reached XP level 1. HP: 12/12 MP: 2/2
     0 | D:1      | 0 ||| qw: Version: 0.3-a-51-g015441d
     0 | D:1      | 0 ||| qw: Game counter: 4454
     0 | D:1      | 0 ||| qw: Melee chars always use a shield: true
     0 | D:1      | 0 ||| qw: God list: Okawaru
     0 | D:1      | 0 ||| qw: Allow faded altars: false
     0 | D:1      | 0 ||| qw: Do Orc after clearing Dungeon:15 true
     0 | D:1      | 0 ||| qw: Do second Lair branch before Depths: true
     0 | D:1      | 0 ||| qw: Lair rune preference: random
     0 | D:1      | 0 ||| qw: Goals: Normal
     0 | D:1      | 0 ||| PLANNING D:1-11
    20 | D:1      | Found Otasayf's Armour Boutique.
    69 | D:1      | 69 ||| SHOPLISTING +0 leather armour (24 gold, have 0).
    69 | D:1      | 69 ||| SHOPLISTING +0 pair of boots (54 gold, have 0).
    69 | D:1      | 69 ||| SHOPLISTING +0 pair of gloves (54 gold, have 0).
    69 | D:1      | 69 ||| SHOPLISTING +1 hat (132 gold, have 0).
   207 | D:1      | Reached XP level 2. HP: 16/16 MP: 3/3
   325 | D:1      | Reached skill level 3 in Ranged Weapons
   326 | D:1      | 326 ||| FLEEEEING.
   327 | D:1      | 327 ||| FLEEEEING.
   329 | D:1      | 329 ||| FLEEEEING.
   330 | D:1      | 330 ||| FLEEEEING.
   331 | D:1      | 331 ||| FLEEEEING.
   332 | D:1      | 332 ||| FLEEEEING.
   333 | D:1      | 333 ||| FLEEEEING.
   466 | D:1      | Reached XP level 3. HP: 21/21 MP: 4/4
   741 | D:1      | 741 ||| Stepping ~*~*~tactically~*~*~ (outnumbered).
   939 | D:1      | 939 ||| UPGRADING to -1 ring mail.
   949 | D:1      | 949 ||| DROPPING +0 robe.
   950 | D:1      | 950 ||| DROPPING -3 leather armour.
   951 | D:1      | 951 ||| UPGRADING to -1 pair of gloves.
   956 | D:1      | 956 ||| UPGRADING to +0 cloak.
   961 | D:1      | 961 ||| UPGRADING to amulet of the acrobat.
   966 | D:1      | 966 ||| READING 2 scrolls labelled NEDGHI ZON ETE.
   967 | D:1      | 967 ||| READING scroll labelled YGUR BADYALO.
   972 | D:1      | 972 ||| DROPPING scroll of poison.
  1006 | D:2      | 1006 ||| STAIRDANCE
  1051 | D:2      | Reached skill level 1 in Armour
  1070 | D:2      | Reached XP level 4. HP: 27/27 MP: 5/5
  1128 | D:2      | Reached skill level 4 in Ranged Weapons
  1235 | D:2      | 1235 ||| Stepping ~*~*~tactically~*~*~ (water).
  1239 | D:2      | 1239 ||| Stepping ~*~*~tactically~*~*~ (water).
  1248 | D:2      | 1248 ||| Stepping ~*~*~tactically~*~*~ (water).
  1255 | D:2      | Reached XP level 5. HP: 31/31 MP: 6/6
  1506 | D:2      | 1506 ||| UPGRADING to +0 leather armour.
  1516 | D:2      | 1516 ||| DROPPING -1 ring mail.
  1517 | D:2      | 1517 ||| UPGRADING to +1 pair of gloves.
  1527 | D:2      | 1527 ||| DROPPING -1 pair of gloves.
  1528 | D:2      | 1528 ||| DROPPING ring of flight.
  1529 | D:2      | 1529 ||| READING 2 scrolls labelled NYOS LOAWAV.
  1530 | D:2      | 1530 ||| READING scroll labelled NICEFR HOUFEGA.
  1531 | D:2      | 1531 ||| READING scroll labelled NOPROLUCUE.
  1532 | D:2      | 1532 ||| DRINKING 4 silvery potions.
  1533 | D:2      | 1533 ||| READING 2 scrolls of identify.
  1533 | D:2      | 1533 ||| IDENTIFYING bubbling purple potion
  1534 | D:2      | 1534 ||| DROPPING scroll of noise.
  1672 | D:3      | Found a snail-covered altar of Cheibriados.
  1672 | D:3      | Noticed a shining eye
  1674 | D:3      | Found a broken altar of Ashenzari.
  1674 | D:3      | Found a radiant altar of Vehumet.
  1679 | D:3      | Found a hazy altar of Hepliaklqana.
  1769 | D:3      | Noticed a floating eye
  1774 | D:3      | Found a faded altar of an unknown god.
  1891 | D:3      | Noticed an eye of devastation
  2135 | D:3      | 2135 ||| UPGRADING to +0 pair of boots.
  2140 | D:3      | 2140 ||| READING scroll labelled EGUBIHOGGU.
  2321 | D:4      | Reached skill level 5 in Ranged Weapons
  2472 | D:4      | Reached XP level 6. HP: 36/36 MP: 7/7
  2482 | D:4      | Reached skill level 3 in Fighting
  2652 | D:4      | Found a staircase to the Ecumenical Temple.
  2653 | D:4      | 2653 ||| PLANNING TEMPLE
  2667 | D:4      | Reached skill level 6 in Ranged Weapons
  2714 | D:4      | 2714 ||| UPGRADING to +0 ring mail.
  2724 | D:4      | 2724 ||| UPGRADING to +0 helmet.
  2729 | D:4      | 2729 ||| DROPPING +0 leather armour.
  2730 | D:4      | 2730 ||| READING scroll labelled WAGUNU ADOREXO.
  2739 | Temple   | Entered the Ecumenical Temple
  2744 | Temple   | 2744 ||| PLANNING OKAWARU WORSHIP
  2822 | Temple   | Became a worshipper of Warmaster Okawaru
  2823 | Temple   | 2823 ||| PLANNING D:1-11
  3032 | D:4      | Reached XP level 7. HP: 34/42 MP: 8/8
  3067 | D:4      | 3067 ||| DRINKING 2 blue potions.
  3068 | D:4      | 3068 ||| DROPPING potion of degeneration.
  3096 | D:5      | Entered Level 5 of the Dungeon
  3226 | D:5      | HP: 9/43 [ice beast (7)]
  3232 | D:5      | HP: 7/43 [ice beast (4)]
  3232 | D:5      | Slain by an ice beast

Levels and vault maps discovered:
D:1:      ncdulo_watergridlock, layout_basic, serial_shops,
          nicolae_shop_scrapyard
D:2:      layout_rooms, kennysheep_cross_bottleneck, hex_medium,
          chequers_serial_rivers_marsh
D:3:      cheibrodos_helix_gallery, layout_loops_cross,
          chequers_temple_overflow_statue_of_worship,
          hellmonk_ecumenical_altar_watching_god
D:4:      layout_rooms, minmay_temple_entry_statues, grunt_ministairs_8,
          palyth_stone_intersect, mrwooster_statue_mirror
D:5:      layout_loops_ring, uniq_sigmund
Temple:   nicolae_temple_great_sept

Skill      XL: |  1  2  3  4  5  6  7 |
---------------+----------------------+-----
Ranged Weapons | 3 4 5 6 |  6.4
Fighting       | 2 3 4 |  4.1
Armour         | 1 2 |  2.0
Dodging        | |  1.5
Spellcasting   | |  1.0
Hexes          | |  2.6

Action                     |  1- 3 |  4- 6 |  7- 9 || total
---------------------------+-------+-------+-------++-------
   Fire: Sling             |   100 |   270 |    37 ||   407
    Use: Scroll            |     2 |     6 |       ||     8
         Potion            |       |     1 |     1 ||     2
 Armour: Robe              |    11 |       |       ||    11
         Ring mail         |     6 |    29 |    13 ||    48
         Leather armour    |       |    51 |       ||    51
  Dodge: Dodged            |    34 |    96 |     8 ||   138

Table legend:
 A = Non-vault XP
 B = Vault XP
 C = Vault XP percentage of total XP
 D = Non-vault monster count
 E = Vault monster count
 F = Vault count percentage of total count
                 A         B        C        D         E       F
            +---------+---------+-------+---------+---------+-------
      Total |     702 |      91 |  11.5 |      92 |       4 |   4.2
            +---------+---------+-------+---------+---------+-------
        D:1 |      62 |       0 |   0.0 |      27 |       0 |   0.0
        D:2 |     108 |       0 |   0.0 |      22 |       0 |   0.0
        D:3 |      64 |       5 |   7.2 |      18 |       2 |  10.0
        D:4 |     330 |      86 |  20.7 |      22 |       2 |   8.3
        D:5 |     138 |       0 |   0.0 |       3 |       0 |   0.0
            +---------+---------+-------+---------+---------+-------
